 Dungeon Crawl Stone Soup version 0.29-a0-323-g050149af67 (webtiles) character file.

Game seed: 7337368001088257841

259 apoch the Covered (level 6, -4/40 HPs)
             Began as a Gargoyle Fighter on July 11, 2021.
             Was a Priest of Zin.
             Killed from afar by a steam dragon (8 damage)
             ... with a ball of steam
             ... on level 4 of the Dungeon on Apr 11, 2022.
             The game lasted 00:11:30 (3797 turns).

apoch the Covered (Gargoyle Fighter)                Turns: 3797, Time: 00:11:31

Health: -4/40      AC: 14    Str: 21    XL:     6   Next: 17%
Magic:  6/6        EV:  8    Int:  8    God:    Zin [***...]
Gold:   130        SH:  7    Dex:  9    Spells: 5/5 levels left

rFire   . . .      SeeInvis .   p - +0 morningstar
rCold   . . .      Faith    .   c - +0 kite shield
rNeg    + . .      Spirit   .   b - +0 scale mail
rPois   ∞          Reflect  .   (no helmet)
rElec   +          Harm     .   (no cloak)
rCorr   .          Rampage  .   v - +0 pair of gloves
Will    .....                   r - +0 pair of boots
Stlth   ..........              (no amulet)
HPRegen 0.13/turn               (no ring)
MPRegen 0.10/turn               (no ring)

@: mighty
A: sickness immunity, AC +4, negative energy resistance 1, electricity
resistance, torment resistance 1, petrification resistance
a: Renounce Religion, Recite, Vitalisation, Imprison, Donate Gold


You were on level 4 of the Dungeon.
You worshipped Zin.
Zin was most pleased with you.
You visited 1 branch of the dungeon, and saw 4 of its levels.

You collected 189 gold pieces.
You donated 59 gold pieces to Zin.

Inventory:

Hand Weapons
 a - a +0 flail
 p - a +0 morningstar (weapon)
Missiles
 h - 101 stones (quivered)
 l - 8 javelins
 u - 4 silver javelins
Armour
 b - a +0 scale mail (worn)
 c - a +0 kite shield (worn)
 r - a +0 pair of boots (worn)
 v - a +0 pair of gloves (worn)
Jewellery
 n - an amulet of regeneration
Scrolls
 e - 2 scrolls of amnesia {unknown}
 j - 3 scrolls of identify {unknown}
 k - 2 scrolls of enchant armour {unknown}
 m - a scroll of holy word {unknown}
 q - 2 scrolls of magic mapping {unknown}
 s - 3 scrolls of teleportation {unknown}
Potions
 f - a potion of haste {unknown}
 g - 3 potions of curing {unknown}
 i - a potion of heal wounds {unknown}
 o - 3 potions of brilliance {unknown}
 t - 2 potions of flight {unknown}


   Skills:
 - Level 4.9 Fighting
 * Level 3.9 Maces & Flails
 - Level 5.0 Armour
 - Level 3.2 Shields
 + Level 0.0 Invocations


You had 5 spell levels left.
You didn't know any spells.
Your spell library was empty.

Dungeon Overview and Level Annotations

Branches:
Dungeon (4/15)
 Temple: D:4-7

Altars:
Kikubaaqudgha
Zin


Innate Abilities, Weirdness & Mutations

You are immune to sickness and miasma.
Your stone body is resilient. (AC +4)
You are immune to poison.
You resist negative energy. (rN+)
You are resistant to electric shocks. (rElec)
You are resistant to unholy torment.
You are immune to petrification.


Message History

The steam dragon claws you but does no damage.
You hit the steam dragon.
The steam dragon is lightly wounded.
The steam dragon bites you but does no damage.
The steam dragon claws you but does no damage.
You closely miss the steam dragon.
The steam dragon is lightly wounded.
The steam dragon barely misses you. The steam dragon closely misses you.
The steam dragon breathes steam at you. The ball of steam misses you.
You closely miss the steam dragon.
The steam dragon is lightly wounded.
You are engulfed in a cloud of scalding steam.
* * * LOW HITPOINT WARNING * * *
You block the steam dragon's attack.
The steam dragon claws you but does no damage.
You closely miss the steam dragon.
The steam dragon is lightly wounded.
The steam dragon bites you but does no damage.
The steam dragon claws you but does no damage.
The steam dragon bites you but does no damage.
The steam dragon claws you.
* * * LOW HITPOINT WARNING * * *
You hit the steam dragon.
The steam dragon is lightly wounded.
The steam dragon breathes steam at you. The ball of steam misses you.
Unknown command.
Unknown command.
You feel very mighty all of a sudden.
You are engulfed in a cloud of scalding steam.
The steam dragon bites you but does no damage.
The steam dragon closely misses you.
You puncture the steam dragon!
The steam dragon is severely wounded.
You block the steam dragon's attack.
The steam dragon claws you but does no damage.
The steam dragon breathes steam at you. The ball of steam hits you!
You die...

#.......# .##
#.......# .(#
#.......# #K#
#.......# #.#
.#######.##### #D#
.............# #§#
######.####.# #§# #
#...........####.#
#.#.###.....§.§§@D.#
#.........#...§#####
......#...#....#
###.#..........#
#.###......#.#
#.......####.#
######.......#
#..†####.# #...# #.
#


You could see a steam dragon (catching breath).

Vanquished Creatures
  A scorpion (D:4)
  An orc wizard (D:4)
  A gnoll (D:1)
  4 adders
  2 worms
  4 dart slugs
  9 orcs
  8 ball pythons
  5 endoplasms
  5 giant cockroaches
  6 goblins
  9 hobgoblins
  12 jackals
  11 quokkas
  6 bats
  5 frilled lizards
  5 kobolds
  5 rats (D:2)
99 creatures vanquished.

Vanquished Creatures (others)
  A kobold (D:4)
1 creature vanquished.

Grand Total: 100 creatures vanquished

Notes
Turn   | Place    | Note
-------+----------+-------------------------------------------
     0 | D:1      | apoch the Gargoyle Fighter began the quest for the Orb.
     0 | D:1      | Reached XP level 1. HP: 14/14 MP: 1/1
    53 | D:1      | Reached XP level 2. HP: 14/19 MP: 2/2
   569 | D:1      | Reached XP level 3. HP: 24/24 MP: 3/3
   589 | D:1      | Found a faded altar of an unknown god.
   590 | D:1      | Noticed a shining eye
   592 | D:1      | Noticed a great orb of eyes
   594 | D:1      | Noticed a shining eye
   594 | D:1      | Noticed a shining eye
   607 | D:1      | Became a worshipper of Zin the Law-Giver
   607 | D:1      | Reached * piety under Zin
  1336 | D:2      | Reached skill level 4 in Armour
  1572 | D:2      | Reached XP level 4. HP: 27/29 MP: 4/4
  2010 | D:2      | Reached ** piety under Zin
  2014 | D:2      | Donated 41 gold pieces to Zin
  2273 | D:2      | Upgraded the game from 0.27-a0-1529-g1e82c303ef to
                  | 0.29-a0-323-g050149af67
  2459 | D:3      | Reached XP level 5. HP: 34/34 MP: 5/5
  2698 | D:3      | Found an ancient bone altar of Kikubaaqudgha.
  2913 | D:3      | Reached *** piety under Zin
  3530 | D:4      | Reached XP level 6. HP: 36/40 MP: 6/6
  3550 | D:4      | Reached skill level 5 in Armour
  3777 | D:4      | Noticed a steam dragon
  3797 | D:4      | Killed from afar by a steam dragon

Illustrated notes

Levels and vault maps discovered:
D:1:      lightli_arrival_statue_moat, layout_basic,
          hellmonk_ecumenical_altar_watching_god, minmay_distorted
D:2:      minmay_general_purpose_star, layout_rooms, minmay_pentomino_o4
D:3:      layout_basic, kiku_gazebo_pond_becter, dk_noncrumbling_2
D:4:      layout_loops_cross

Skill      XL: |  1  2  3  4  5  6 |
---------------+-------------------+-----
Fighting       | 4 |  4.9
Armour         | 4 5 |  5.0
Maces & Flails | 3 |  3.9
Shields        | |  3.2

Action                   |  1- 3 |  4- 6 || total
-------------------------+-------+-------++-------
Melee: Flail             |   104 |    28 ||   132
       Morningstar       |       |   182 ||   182
Throw: Stone             |    20 |    80 ||   100
Invok: Donate Gold       |       |     1 ||     1
       Recite            |       |     1 ||     1
  Use: Potion            |       |     1 ||     1
Armor: Scale mail        |    43 |   137 ||   180
Dodge: Dodged            |    36 |    89 ||   125
Block: Kite shield       |    59 |   127 ||   186

Table legend: (Time is in decaauts)
 A = Elapsed time spent in this place.
 B = Non-inter-level travel time spent in this place.
 C = Inter-level travel time spent in this place.
 D = Time resting spent in this place.
 E = Time spent auto-exploring this place.
 F = Levels seen in this place.
 G = Mean time per level.
                   A        B        C        D        E       F      G
               +--------+--------+--------+--------+--------+-----+--------+
         Total |   3988 |   3902 |     86 |    953 |   1836 |   4 |  997.0 |
       Dungeon |   3988 |   3902 |     86 |    953 |   1836 |   4 |  997.0 |
               +--------+--------+--------+--------+--------+-----+--------+

Top non-repeatable levels by time:
     D:1: 1443 daAuts
     D:3: 1181 daAuts
     D:2: 976 daAuts
     D:4: 387 daAuts
